 Dungeon Crawl Stone Soup version 0.19-a0-1268-g6c5d9f8 (webtiles) character file.

4428 Ijustatesigmund the Nimble (level 10, -4/71 HPs)
             Began as an Octopode Assassin on Aug 29, 2016.
             Was an Initiate of Okawaru.
             Slain by a basilisk (14 damage)
             ... on level 9 of the Dungeon.
             The game lasted 00:31:11 (11125 turns).

Ijustatesigmund the Nimble (Octopode Assassin)     Turns: 11125, Time: 00:31:12

Health: -4/71      AC:  1    Str: 14    XL:     10   Next: 36%
Magic:  12/12      EV: 19    Int: 13    God:    Okawaru [......]
Gold:   378        SH:  0    Dex: 18    Spells: 1 memorised, 7 levels left

rFire  + . .     SeeInvis .     c - +7 rapier (flame)
rCold  . . .     Gourm    .     (no shield)
rNeg   . . .     Faith    .     (helmet restricted)
rPois  .         Spirit   .     (no amulet)
rElec  .         Dismiss  .     e - +4 ring of strength
rCorr  .         Reflect  .     j - ring of protection from magic
MR     +....     Harm     .     C - ring of protection from fire
Stlth  +++++.....               (no ring)
                                (no ring)
                                (no ring)
                                (no ring)
                                (no ring)

@: repel missiles, drained
A: almost no armour, stealthy swim, amphibious, 8 rings, constrict 8, camouflage
1, gelatinous body 1
a: Renounce Religion


You were on level 9 of the Dungeon.
You worshipped Okawaru.
Okawaru was noncommittal.
You were not hungry.

You visited 2 branches of the dungeon, and saw 10 of its levels.

You collected 378 gold pieces.

Inventory:

Hand Weapons
 a - a +2 dagger of freezing
 b - a +0 blowgun
 c - a +7 rapier of flaming (weapon)
Missiles
 d - 33 poisoned needles
 y - a throwing net (quivered)
 D - 2 curare-tipped needles
Jewellery
 e - a +4 ring of strength (left tentacle)
 j - a ring of protection from magic (right tentacle)
 p - an uncursed ring of teleportation
 C - a ring of protection from fire (on tentacle)
Wands
 k - a wand of slowing (4/48)
 m - a wand of polymorph (5/24)
 t - a wand of digging (17/24)
 E - a wand of lightning (10/15)
Scrolls
 q - a scroll of recharging
 A - a scroll of amnesia
 B - a scroll of blinking
Potions
 g - a potion of lignification
 l - a potion of flight
 n - 2 potions of might
 o - a potion of invisibility
 r - 4 potions of brilliance
 s - a potion of mutation
 w - a potion of haste
 x - a potion of berserk rage {unknown}
Books
 z - a book of Air

   Spells                             Type                      Level
   a - Shock                          Conjuration/Air              1
   b - Swiftness                      Charms/Air                   2
   c - Repel Missiles                 Charms/Air                   2
   d - Static Discharge               Conjuration/Air              3
   e - Lightning Bolt                 Conjuration/Air              5
 F - a book of Battle

   Spells                             Type                      Level
   a - Infusion                       Charms                       1
   b - Shroud of Golubria             Charms/Translocation         2
   c - Song of Slaying                Charms                       2
   d - Spectral Weapon                Hexes/Charms                 3
   e - Regeneration                   Charms/Necromancy            3
Comestibles
 f - 5 bread rations
 i - 3 meat rations
 v - 4 chunks of flesh


   Skills:
 - Level 7.4(7.3) Fighting
 - Level 7.4(7.3) Short Blades
 - Level 5.0(4.9) Throwing
 - Level 8.4(8.3) Dodging
 - Level 8.1(8.0) Stealth
 + Level 2.8(2.7) Invocations


You had 7 spell levels left.
You knew the following spells:

 Your Spells              Type           Power        Failure   Level  Hunger
a - Repel Missiles        Chrm/Air       #.....       47%         2    ###....


Dungeon Overview and Level Annotations

Branches:
Dungeon (9/15)             Temple (1/1) D:5            Lair (0/6) D:9
    Orc: D:9-12

Altars:
Ashenzari
Cheibriados
Dithmenos
Elyvilon
Fedhas
Gozag
Hepliaklqana
Kikubaaqudgha
Makhleb
Nemelex Xobeh
Okawaru
Qazlal
Ru
Sif Muna
Trog
Uskayaw
Vehumet
Xom
Yredelemnul
Zin
The Shining One


Innate Abilities, Weirdness & Mutations

You cannot wear most types of armour.
You are very stealthy in the water.
You are amphibious.
You can wear up to eight rings at the same time.
You can use your tentacles to constrict eight enemies at once.
Your skin changes colour to match your surroundings (Stealth+).
Your rubbery body absorbs attacks. (AC +1, EV +1)


Message History

The basilisk looks frightened!
The crocodile looks frightened! x2
The porcupine looks frightened!
Found a bread ration.
Found 24 stones.
You see here 24 stones.
You start resting.
The basilisk gazes at you. You resist with almost no effort.
The basilisk gazes at you. You resist with almost no effort.
The basilisk gazes at you. You resist with almost no effort.
The basilisk bites you!
* * * LOW HITPOINT WARNING * * *
You hit the basilisk. You burn the basilisk. You grab the basilisk.
The basilisk is lightly wounded.
You constrict the basilisk. The basilisk bites you!
* * * LOW HITPOINT WARNING * * *
You feel better.
You constrict the basilisk. The basilisk bites you!
You die...

##+## ...# .......
..# .l...P.# #.#
.......+ +.#
.r...♣.# +.#
.♣.....# #.#
P$P..P.# #.#
.P♣.P..# #@#
..†....##### #l#
..rP.......#####.#
.................#
..l.............%#
##l..............#
#.#####'###.....#
#.#.......#.....#
#.#+#.....#..####


You could see a basilisk.

Vanquished Creatures
  Pikel (D:6)
  The ghost of mopl the Chopper, a novice DsGl of Okawaru (D:5)
  Grinder (D:6)
  Eustachio (D:5)
  The ghost of
  101 the Slasher, an amateur HEFi (D:3)
  Duvessa (D:7)
  2 sky beasts (D:6)
  An ice beast (D:5)
  3 slaves (D:6)
  An orc warrior (D:7)
  A wasp (D:7)
  2 phantoms
  An ogre (D:8)
  A centaur (D:8)
  Blork the orc (D:6)
  4 giant frogs
  Dowan (D:7)
  4 wights (D:8)
  2 howler monkeys (D:6)
  2 centaur zombies
  2 crimson imps
  2 giant frog zombies
  4 hounds
  9 orc priests
  3 jellies (D:7)
  A giant frog skeleton (D:8)
  8 iguanas
  7 orc wizards
  Natasha (thrice) (D:4)
  5 worker ants
  A hound zombie (D:5)
  A hound skeleton (D:3)
  A worker ant zombie (D:5)
  Robin (D:3)
  12 gnolls
  A howler monkey zombie (D:5)
  9 adders
  A howler monkey skeleton (D:5)
  A river rat (D:9)
  3 shadow imps
  An adder zombie (D:7)
  A worm (D:5)
  4 dart slugs
  6 giant geckos
  19 orcs
  4 giant cockroaches
  17 goblins
  15 hobgoblins
  10 jackals
  7 kobolds
  3 quokkas
  A ball python (D:2)
  6 bats
  A giant gecko skeleton (D:6)
  6 giant newts
  2 quokka skeletons
  A quokka zombie (D:5)
  9 rats
220 creatures vanquished.

Notes
Turn   | Place    | Note
-------+----------+-------------------------------------------
     0 | D:1      | Ijustatesigmund the Octopode Assassin began the quest for the Orb.
     0 | D:1      | Reached XP level 1. HP: 14/14 MP: 1/1
   155 | D:1      | Reached XP level 2. HP: 19/19 MP: 2/2
   694 | D:1      | Reached XP level 3. HP: 21/24 MP: 3/3
  1347 | D:2      | Reached XP level 4. HP: 30/30 MP: 4/4
  1959 | D:3      | Noticed 101's ghost (amateur HEFi)
  2022 | D:3      | Noticed a giant frog
  2034 | D:3      | Killed a giant frog
  2034 | D:3      | Reached XP level 5. HP: 7/36 MP: 5/5
  2410 | D:4      | Noticed a phantom
  2593 | D:4      | Noticed Natasha
  2597 | D:4      | Killed Natasha
  2659 | D:4      | Reached XP level 6. HP: 40/42 MP: 6/6
  2801 | D:4      | Noticed Natasha
  2864 | D:4      | Killed Natasha
  3378 | D:5      | Entered Level 5 of the Dungeon
  3382 | D:5      | Found a stormy altar of Qazlal.
  3713 | D:5      | Found a staircase to the Ecumenical Temple.
  3723 | Temple   | Entered the Ecumenical Temple
  3925 | D:5      | Noticed Eustachio
  3936 | D:5      | Killed Eustachio
  3936 | D:5      | Reached XP level 7. HP: 49/49 MP: 7/7
  4049 | D:5      | Reached skill level 5 in Fighting
  4049 | D:5      | Reached skill level 5 in Short Blades
  4252 | D:5      | Noticed mopl's ghost (novice DsGl)
  4512 | D:6      | Reached XP level 8. HP: 56/56 MP: 8/8
  5087 | D:5      | Killed mopl's ghost
  5909 | D:4      | Noticed Natasha
  5917 | D:4      | Killed Natasha
  6225 | D:4      | Reached XP level 9. HP: 64/64 MP: 9/9
  6331 | D:3      | Noticed Robin
  6353 | D:3      | Killed Robin
  6849 | D:3      | Killed 101's ghost
  7825 | D:6      | Noticed Grinder
  7836 | D:6      | Killed Grinder
  8020 | D:6      | Noticed Blork the orc
  8027 | D:6      | Killed Blork the orc
  8031 | D:6      | Reached skill level 5 in Throwing
  8807 | D:6      | Noticed Pikel
  9069 | D:6      | Killed Pikel
  9069 | D:6      | Reached skill level 5 in Dodging
  9584 | D:7      | Found a shattered altar of Ashenzari.
  9654 | D:7      | Noticed Duvessa
  9654 | D:7      | Noticed Dowan
  9670 | D:7      | Killed Duvessa
  9670 | D:7      | Reached XP level 10. HP: 71/71 MP: 10/10
  9677 | D:7      | Killed Dowan
  9770 | D:7      | Learned a level 2 spell: Repel Missiles
 10543 | D:8      | Found an iron altar of Okawaru.
 10546 | D:8      | Became a worshipper of Warmaster Okawaru
 10695 | D:8      | Reached skill level 1 in Invocations
 11083 | D:9      | Found a staircase to the Lair.
 11124 | D:9      | HP: 2/71 [basilisk (10)]
 11125 | D:9      | Slain by a basilisk

Vault maps used:
D:1:      dpeg_arrival_shelter, supply_closet_lemuel
D:2:      first_bread, serial_bayou_pond_a
D:3:      uniq_robin
D:4:      uniq_natasha
D:5:      grunt_qazlal_sundering, uniq_eustachio
D:6:      minmay_misc_feat_chi, uniq_pikel, uniq_blork_the_orc, uniq_grinder
D:7:      evilmike_ruin_ashenzari, uniq_duvessa
D:8:      kennysheep_mini
D:9:      minmay_lair_entry_grove, uniq_psyche, uniq_erica
Temple:   regret_index_temple_chain_breaker

Skill      XL: |  1  2  3  4  5  6  7  8  9 10 |
---------------+-------------------------------+-----
Dodging        | 2 3 6 8 |  8.4
Stealth        | 6 8 |  8.1
Fighting       | 3 4 5 7 |  7.4
Short Blades   | 3 4 5 7 |  7.4
Throwing       | 3 5 |  5.0
Invocations    | 2 |  2.8

Action                   |  1- 3 |  4- 6 |  7- 9 | 10-12 || total
-------------------------+-------+-------+-------+-------++-------
Melee: Dagger            |    65 |    60 |     9 |       ||   134
       Constrict         |    11 |    18 |    40 |    16 ||    85
       Tentacles         |     4 |    13 |    37 |    19 ||    73
       Rapier            |       |       |   190 |    92 ||   282
 Fire: Blowgun           |       |    24 |    19 |     3 ||    46
Throw: Throwing net      |       |       |     1 |       ||     1
 Cast: Repel Missiles    |       |       |       |     1 ||     1
Evoke: Wand              |       |     1 |     2 |     1 ||     4
  Use: Scroll            |     4 |     4 |     5 |     8 ||    21
       Potion            |       |     2 |     2 |     1 ||     5
 Stab: Sleeping          |    18 |    13 |    26 |    10 ||    67
       Distracted        |     1 |       |     1 |     1 ||     3
  Eat: Chunk             |     1 |     7 |    11 |     5 ||    24
       Bread ration      |       |       |     1 |       ||     1
       Royal jelly       |       |       |     1 |       ||     1
       Beef jerky        |       |       |     1 |       ||     1
Armor: Skin              |     8 |     2 |     4 |     3 ||    17
Dodge: Dodged            |    36 |    23 |   122 |    51 ||   232
